 Dungeon Crawl Stone Soup version 0.31-a0-702-gf82c85558f (webtiles) character file.

Game seed: 5272764618454932536

126 qw the Shooter (level 5, -2/32 HPs)
             Began as a Gargoyle Hunter on Sept 7, 2023.
             Slain by Ijyb
             ... wielding a +4 dagger of protection
              (6 damage)
             ... on level 3 of the Dungeon.
             The game lasted 00:00:46 (1669 turns).

qw the Shooter (Gargoyle Hunter)                    Turns: 1669, Time: 00:00:47

Health: -2/32      AC:  9    Str: 14    XL:     5   Next: 9%
Magic:  5/5        EV: 10    Int: 10    God:
Gold:   123        SH:  0    Dex: 15    Spells: 4/4 levels left

rFire   . . .        Y - +0 shortbow
rCold   . . .        (shield currently unavailable)
rNeg    + . .        a - +0 ring mail
rPois   inf          (no helmet)
rElec   +            (no cloak)
rCorr   .            (no gloves)
SInv    .            (no boots)
Will    .....        (no amulet)
Stlth   +            (no ring)
HPRegen 0.25/turn    (no ring)
MPRegen 0.09/turn

%: no passive effects
@: no status effects
A: sickness immunity, AC +4, negative energy resistance 1, electricity
resistance, torment resistance 1, petrification resistance
a: no special abilities


You were on level 3 of the Dungeon.
You visited 1 branch of the dungeon, and saw 3 of its levels.

You collected 123 gold pieces.


Innate Abilities, Weirdness & Mutations

You are immune to sickness and miasma.
Your stone body is resilient. (AC +4)
You are immune to poison.
You resist negative energy. (rN+)
You are resistant to electric shocks. (rElec)
You are resistant to unholy torment.
You are immune to petrification.


   Skills:
 - Level 3.0 Fighting
 + Level 5.8 Ranged Weapons
 - Level 1.0 Armour
 - Level 1.5 Dodging
 - Level 1.1 Stealth


You had 4 spell levels left.
You didn't know any spells.
Your spell library was empty.

Inventory:

Hand Weapons
 Y - a +0 shortbow (weapon)
Armour
 a - a +0 ring mail (worn)
 c - a +0 pair of gloves
Jewellery
 b - an amulet of reflection
Scrolls
 h - a scroll of identify {unknown}
Potions
 d - a potion of enlightenment {unknown}
 e - 2 potions of heal wounds {unknown}
 f - 2 potions of degeneration {unknown}
 g - 2 potions of might {unknown}

Dungeon Overview and Level Annotations

Branches:
Dungeon (3/15)

Altars:

Shops:
D:3 (=

Annotations:
D:3 Ijyb


Message History

Ijyb barely misses you.
Ijyb zaps a wand.
Your will is overpowered!
You are more confused.
Ijyb zaps a wand.
You resist with some effort.
Ijyb hits you with a +4 dagger of protection.
Ijyb barely misses you.
Ijyb zaps a wand.
Your will is overpowered!
You are more confused.
Ijyb hits you with a +4 dagger of protection.
Ijyb hits you but does no damage.
Ijyb zaps a wand.
You resist with some effort. Ijyb barely misses you. Ijyb closely misses you.
Ijyb hits you with a +4 dagger of protection.
Ijyb hits you with a +4 dagger of protection.
Ijyb zaps a wand.
You resist with some effort. Ijyb hits you but does no damage.
Ijyb hits you but does no damage.
Ijyb zaps a wand.
You resist with some effort.
Ijyb hits you with a +4 dagger of protection.
You feel less confused. Ijyb hits you but does no damage.
You shoot an arrow. The arrow hits Ijyb!
Ijyb is moderately wounded.
Ijyb zaps a wand.
You resist with some effort.
You shoot an arrow. The arrow hits Ijyb.
Ijyb is heavily wounded.
Ijyb hits you but does no damage. x2
You shoot an arrow. The arrow hits Ijyb.
Ijyb is severely wounded.
Ijyb hits you with a +4 dagger of protection.
You shoot an arrow. The arrow hits Ijyb but does no damage.
Ijyb is severely wounded.
Ijyb hits you with a +4 dagger of protection.
You shoot an arrow. The arrow closely misses Ijyb.
Ijyb hits you but does no damage.
You shoot an arrow. The arrow hits Ijyb.
Ijyb is severely wounded.
Ijyb hits you with a +4 dagger of protection.
You die...

### ## #.#
.# #.# .#
#.# .#
#.###.######
#...........
#...@.......
#.###g######
#.# .# #.#
.# #.# .#
#.# .# #.#
.# #.# ..
#.###### #


You could see Ijyb.

Vanquished Creatures
  8 adders
  2 dart slugs (D:1)
  4 ball pythons (D:2)
  3 bats
  4 endoplasms
  4 giant cockroaches
  2 goblins (D:1)
  4 hobgoblins
  5 quokkas
  5 frilled lizards
  4 kobolds
  5 rats
50 creatures vanquished.

Notes
Turn   | Place    | Note
-------+----------+-------------------------------------------
     0 | D:1      | qw the Gargoyle Hunter began the quest for the Orb.
     0 | D:1      | Reached XP level 1. HP: 12/12 MP: 1/1
     0 | D:1      | 0 ||| qw: Version: 0.3-a-76-g4403597
     0 | D:1      | 0 ||| qw: Game counter: 916
     0 | D:1      | 0 ||| qw: Melee chars always use a shield: true
     0 | D:1      | 0 ||| qw: God list: Okawaru
     0 | D:1      | 0 ||| qw: Allow faded altars: false
     0 | D:1      | 0 ||| qw: Do Orc after clearing Dungeon:15 true
     0 | D:1      | 0 ||| qw: Do second Lair branch before Depths: true
     0 | D:1      | 0 ||| qw: Lair rune preference: random
     0 | D:1      | 0 ||| qw: Goals: Normal
     0 | D:1      | 0 ||| PLANNING D:1-11
   191 | D:1      | Reached XP level 2. HP: 17/17 MP: 2/2
   387 | D:1      | Reached XP level 3. HP: 21/21 MP: 3/3
   391 | D:1      | 391 ||| READING 2 scrolls labelled IDOUKU FONNA.
   392 | D:1      | 392 ||| DROPPING scroll of noise.
   393 | D:1      | 393 ||| DROPPING scroll of butterflies.
   427 | D:2      | Reached skill level 5 in Ranged Weapons
   633 | D:2      | Reached skill level 3 in Fighting
   697 | D:2      | Reached XP level 4. HP: 28/28 MP: 4/4
  1036 | D:2      | 1036 ||| UPGRADING to +0 ring mail.
  1046 | D:2      | 1046 ||| DROPPING +0 leather armour.
  1047 | D:2      | 1047 ||| READING scroll labelled FONWUN FUMU.
  1082 | D:3      | 1082 ||| PLANNING SEWER
  1122 | D:3      | Reached skill level 1 in Armour
  1126 | D:3      | Found a faded altar of an unknown god.
  1265 | D:3      | Found Mifoowip's Jewellery Emporium.
  1277 | D:3      | 1277 ||| SHOPLISTING +4 ring of protection (396 gold, have
                  | 102).
  1277 | D:3      | 1277 ||| SHOPLISTING ring of positive energy (220 gold,
                  | have 102).
  1277 | D:3      | 1277 ||| SHOPLISTING ring of protection from cold (275
                  | gold, have 102).
  1277 | D:3      | 1277 ||| SHOPLISTING ring of resist corrosion (220 gold,
                  | have 102).
  1335 | D:3      | Reached XP level 5. HP: 32/32 MP: 5/5
  1580 | D:3      | Found Jaupacea's Antique Weapon Boutique.
  1617 | D:3      | Noticed Ijyb
  1657 | D:3      | HP: 5/32 [Ijyb/+4 dagger of protection (4)]
  1662 | D:3      | HP: 6/32 [Ijyb/+4 dagger of protection (1)]
  1667 | D:3      | HP: 3/32 [Ijyb/+4 dagger of protection (1)]
  1669 | D:3      | Slain by Ijyb

Levels and vault maps discovered:
D:1:      sevenhm_arrival_forest_fort_small_6, layout_basic
D:2:      layout_loops_cross, minmay_shallow_snake_nest
D:3:      layout_basic, shapermc_ecumenical_altar_gd, serial_shops, shop,
          nicolae_shop_trees, gup_sewer_entry_bubbles, minmay_misc_feat_columns,
          uniq_ijyb

Skill      XL: |  1  2  3  4 |
---------------+-------------+-----
Ranged Weapons | 5 |  5.8
Fighting       | 3 |  3.0
Armour         | 1 |  1.0
Dodging        | |  1.5
Stealth        | |  1.1

Action                     |  1- 3 |  4- 6 || total
---------------------------+-------+-------++-------
   Fire: Shortbow          |    87 |    80 ||   167
    Use: Scroll            |     1 |     1 ||     2
 Armour: Leather armour    |    18 |    10 ||    28
         Ring mail         |       |    40 ||    40
  Dodge: Dodged            |    20 |    39 ||    59

Table legend:
 A = Non-vault XP
 B = Vault XP
 C = Vault XP percentage of total XP
 D = Non-vault monster count
 E = Vault monster count
 F = Vault count percentage of total count
                 A         B        C        D         E       F
            +---------+---------+-------+---------+---------+-------
      Total |     158 |      22 |  12.2 |      44 |       6 |  12.0
            +---------+---------+-------+---------+---------+-------
        D:1 |      34 |       0 |   0.0 |      17 |       0 |   0.0
        D:2 |      66 |      20 |  23.3 |      14 |       5 |  26.3
        D:3 |      58 |       2 |   3.3 |      13 |       1 |   7.1
            +---------+---------+-------+---------+---------+-------
